 Dungeon Crawl Stone Soup version 0.21.0-37-g46506fa (webtiles) character file.

1287 tidbits the Digger (level 8, 0/58 HPs)
             Began as a Gnoll Earth Elementalist on Feb 1, 2018.
             Slain by an orc warrior
             ... wielding a +0 trident
              (12 damage)
             ... on level 8 of the Dungeon.
             The game lasted 00:17:46 (1083 turns).

tidbits the Digger (Gnoll Earth Elementalist)       Turns: 1083, Time: 00:17:46

Health: 0/58       AC:  3    Str: 10 (11) XL:     8   Next: 55%
Magic:  17/17      EV: 16    Int: 18 (19) God:
Gold:   116        SH:  6    Dex: 16      Spells: 7/19 levels left

rFire    . . .     SeeInvis .   a - +0 short sword (venom)
rCold    . . .     Gourm    .   g - +1 buckler
rNeg     . . .     Faith    .   B - +0 robe
rPois    .         Spirit   .   (no helmet)
rElec    .         Reflect  .   (no cloak)
rCorr    .         Harm     .   G - +0 pair of gloves
MR       .....                  (no boots)
Stlth    +++.......             (no amulet)
HPRegen  0.19/turn              (no ring)
MPRegen  0.15/turn              (no ring)

@: no status effects
A: distributed training, fangs 1, strong nose
a: no special abilities


You were on level 8 of the Dungeon.
You were not hungry.

You visited 1 branch of the dungeon, and saw 9 of its levels.
You also visited: Ossuary.

You collected 116 gold pieces.

Inventory:

Hand Weapons
 a - a +0 short sword of venom (weapon)
   (You took it off an orc on level 6 of the Dungeon)
 b - a +4 flail of holy wrath
   (You took it off Edmund on level 6 of the Dungeon)
 t - a +0 dagger
Missiles
 h - 76 stones (quivered)
 s - 3 tomahawks
Armour
 g - a +1 buckler (worn)
 B - a +0 robe (worn)
 G - a +0 pair of gloves (worn)
Wands
 f - a wand of enslavement (5)
 u - a wand of polymorph (13)
Scrolls
 k - a scroll of enchant armour
 r - 4 scrolls of remove curse
Potions
 m - 3 potions of curing
 n - 2 potions of haste
 o - a potion of flight
 p - a potion of brilliance
Books
 c - a book of Misfortune
   (You found it on level 3 of the Dungeon)

   Spells                             Type                      Level
   a - Confusing Touch                Hexes                        1
   b - Confuse                        Hexes                        3
   c - Gell's Gravitas                Translocation                3
   d - Petrify                        Transmutation/Earth          4
   e - Metabolic Englaciation         Hexes/Ice                    5
   f - Yara's Violent Unravelling     Hexes/Transmutation          5
 e - a book of Geomancy

   Spells                             Type                      Level
   a - Sandblast                      Earth                        1
   b - Passwall                       Transmutation/Earth          2
   c - Stone Arrow                    Conjuration/Earth            3
   d - Petrify                        Transmutation/Earth          4
   e - Lee's Rapid Deconstruction     Earth                        5
Comestibles
 d - 4 rations


   Skills:
 + Level 3.3 Fighting
 + Level 3.3 Short Blades
 + Level 3.3 Long Blades
 + Level 3.3 Axes
 + Level 3.3 Maces & Flails
 + Level 3.3 Polearms
 + Level 3.3 Staves
 + Level 3.3 Slings
 + Level 3.3 Bows
 + Level 3.3 Crossbows
 + Level 3.3 Throwing
 + Level 3.3 Armour
 + Level 5.7 Dodging
 + Level 5.4 Stealth
 + Level 3.3 Shields
 + Level 3.3 Unarmed Combat
 + Level 6.0 Spellcasting
 + Level 2.7 Conjurations
 + Level 2.7 Hexes
 + Level 2.7 Charms
 + Level 2.7 Summonings
 + Level 2.7 Necromancy
 + Level 2.7 Translocations
 + Level 3.5 Transmutations
 + Level 2.7 Fire Magic
 + Level 2.7 Ice Magic
 + Level 2.7 Air Magic
 + Level 6.1 Earth Magic
 + Level 2.7 Poison Magic
 + Level 3.6 Invocations
 + Level 3.3 Evocations


You had 7 spell levels left.
You knew the following spells:

 Your Spells              Type           Power        Failure   Level  Hunger
a - Sandblast             Erth           ####..       1%          1    None
e - Petrify               Tmut/Erth      ###.....     17%         4    ####...
p - Passwall              Tmut/Erth      ###.......   2%          2    None
D - Lee's Rapid Deconstr  Erth           ####......   28%         5    #####..


Dungeon Overview and Level Annotations

Branches:
Dungeon (9/15)
 Temple: D:4-7         Lair: D:8-11         Orc: D:9-12

Altars:
Nemelex Xobeh
Zin

Shops:
D:6 =

Annotations:
D:4 Robin


Innate Abilities, Weirdness & Mutations

Your experience applies equally to all skills.
You have very sharp teeth.
Your uncanny sense of smell can sniff out nearby items.


Message History

The howler monkey zombie hits your orc warrior but does no damage.
The orc wizard hits your orc warrior but does no damage.
What are your orders? t - Creak!
Orders for allies: a - Attack new target. p - Attack previous target. r - Retreat! s - Stop attacking. g - Guard the area. f - Follow me.
Anything else - Cancel.
Gang up on whom?
Press: ? - help, Dir - move target cursor, f/p - orc warrior
Aim: an orc warrior, wielding a trident and wearing a chain mail (moderately wounded) Attack!
The orc warrior completely misses you.
The orc wizard gestures wildly while chanting.
The orc wizard blinks!
Your orc warrior hits the orc warrior with a long sword!
The howler monkey zombie hits your orc warrior but does no damage.
You feel less wooden.
Your +0 pair of gloves unmelds from your body.
Your +0 robe unmelds from your body.
The orc warrior misses you.
Your orc warrior hits the howler monkey zombie with a long sword!
The howler monkey zombie hits your orc warrior.
The orc warrior hits you from afar with a trident!
* * * LOW HITPOINT WARNING * * *
The howler monkey zombie hits your orc warrior.
Your orc warrior hits the howler monkey zombie with a long sword!
The orc warrior hits your orc warrior with a trident.
The howler monkey zombie hits your orc warrior but does no damage.
The orc wizard hits your orc warrior but does no damage.
Your orc warrior barely misses the orc warrior.
What are your orders? t - Bark!
Orders for allies: a - Attack new target. p - Attack previous target. r - Retreat! s - Stop attacking. g - Guard the area. f - Follow me.
Anything else - Cancel.
Gang up on whom?
Press: ? - help, Dir - move target cursor, f/p - orc warrior
Aim: an orc warrior, wielding a trident and wearing a chain mail (severely wounded) Attack!
The orc wizard hits your orc warrior but does no damage.
The orc warrior barely misses your orc warrior.
The howler monkey zombie hits your orc warrior but does no damage.
The orc wizard hits your orc warrior with a dagger.
Your orc warrior misses the orc wizard.
The orc warrior hits your orc warrior with a trident!
The howler monkey zombie misses your orc warrior.
The orc wizard hits your orc warrior but does no damage.
Wield which item (- for none, * to show all)? (? for menu, Esc to quit)
Your +0 short sword of venom begins to drip with poison!
a - a +0 short sword of venom (weapon)
Your orc warrior barely misses the orc wizard.
The orc wizard hits your orc warrior but does no damage.
The orc warrior barely misses your orc warrior.
The howler monkey zombie hits your orc warrior but does no damage.
The orc wizard gestures at you while chanting.
Your orc warrior resists with some effort.
Your orc warrior completely misses the orc wizard.
The orc wizard misses your orc warrior.
The howler monkey zombie hits your orc warrior.
Your orc warrior dies!
Evoke which item? (* to show all) (? for menu, Esc to quit)
Aiming: Enslavement
Press: ? - help, Shift-Dir - straight line, f/p - orc warrior
Aim: an orc warrior, wielding a trident and wearing a chain mail (severely wounded, chance to defeat MR: 55%)
The orc warrior is charmed.
The orc wizard hits your orc warrior but does no damage.
The howler monkey zombie misses your orc warrior.
Your orc warrior hits the orc wizard with a trident!
The orc wizard dies!
What are your orders? t - Bark!
Orders for allies: a - Attack new target. p - Attack previous target. r - Retreat! s - Stop attacking. g - Guard the area. f - Follow me.
Anything else - Cancel.
Gang up on whom?
Press: ? - help, Dir - move target cursor, f - howler monkey zombie, p - orc warrior
Aim: a howler monkey zombie (almost destroyed) Attack!
The howler monkey zombie barely misses your orc warrior.
Your orc warrior hits the howler monkey zombie with a trident!
The howler monkey zombie is destroyed!
You swap places.
There is a stone staircase leading up, spattered with blood here.
Items here: ))) [[[ †††
Things that are here:
a dagger; a robe; an orc corpse
There is a stone staircase leading down here.
Wield which item (- for none, * to show all)? (? for menu, Esc to quit)
Okay, then.
Really attack your orc warrior?
You hit your orc warrior but do no damage.
Your orc warrior is poisoned.
The orc warrior is no longer charmed.
The orc warrior is severely wounded.
You block the orc warrior's attack.
You barely miss the orc warrior.
The orc warrior is severely wounded.
The orc warrior hits you with a trident!
You die...

#. #P§§P# #.....
#.##§.§§#####.#.##
##.#§§§§.......#.#
#...§§######.#.#.#
###.....# #.#..#.#
#......)####.###.#.#
#<......<...# ##..##
#.......###..#
#....) ###.@o..#
###.#..#..# #.....#
#.#.##.# ####..#
#.#. #.# ...# # #.
#.# #..## #. #.#
#.!. .. #.# ## #.#
#.#


You could see an orc warrior.

Vanquished Creatures
  Psyche (D:8)
  Prince Ribbit (D:5)
  A water moccasin (D:8)
  Edmund (D:6)
  2 wyvern zombies (D:6)
  3 killer bees (D:8)
  A bullfrog zombie (D:6)
  2 hounds
  An orc wizard (D:8)
  An iguana (D:5)
  6 mummies
  A howler monkey skeleton (D:8)
  4 adders
  An adder zombie (D:5)
  A dart slug (D:3)
  3 leopard geckos
  7 orcs
  3 bats
  2 giant cockroaches
  2 goblins
  2 hobgoblins
  A ball python (D:1)
  2 frilled lizards
  A kobold (D:1)
  A kobold zombie (D:5)
  A leopard gecko skeleton (D:6)
  2 rats
54 creatures vanquished.

Vanquished Creatures (collateral kills)
  A gnoll shaman (D:8)
  An orc wizard (D:8)
  A killer bee zombie (D:8)
  5 gnolls (D:8)
  A howler monkey zombie (D:8)
9 creatures vanquished.

Vanquished Creatures (others)
  An orc warrior (D:8)
1 creature vanquished.

Grand Total: 64 creatures vanquished

Notes
Turn   | Place    | Note
-------+----------+-------------------------------------------
     0 | D:1      | tidbits the Gnoll Earth Elementalist began the quest for the Orb.
     0 | D:1      | Reached XP level 1. HP: 13/13 MP: 6/6
    44 | D:1      | Reached skill level 2 in Transmutations
   118 | D:1      | Reached XP level 2. HP: 19/19 MP: 7/7
   122 | D:1      | Learned a level 2 spell: Passwall
   223 | D:5      | Entered Level 5 of the Dungeon
   228 | D:5      | Reached XP level 3. HP: 23/25 MP: 5/9
   260 | D:5      | Reached skill level 5 in Spellcasting
   272 | D:4      | Noticed Robin
   289 | D:5      | Reached skill level 1 in Fighting
   289 | D:5      | Reached skill level 1 in Short Blades
   289 | D:5      | Reached skill level 1 in Long Blades
   289 | D:5      | Reached skill level 1 in Axes
   289 | D:5      | Reached skill level 1 in Maces & Flails
   289 | D:5      | Reached skill level 1 in Polearms
   289 | D:5      | Reached skill level 1 in Staves
   289 | D:5      | Reached skill level 1 in Slings
   289 | D:5      | Reached skill level 1 in Bows
   289 | D:5      | Reached skill level 1 in Crossbows
   289 | D:5      | Reached skill level 1 in Throwing
   289 | D:5      | Reached skill level 1 in Armour
   289 | D:5      | Reached skill level 1 in Shields
   289 | D:5      | Reached skill level 1 in Unarmed Combat
   289 | D:5      | Reached skill level 1 in Invocations
   289 | D:5      | Reached skill level 1 in Evocations
   289 | D:5      | Reached XP level 4. HP: 9/32 MP: 0/11
   295 | D:5      | Learned a level 4 spell: Petrify
   326 | D:5      | Noticed Prince Ribbit
   336 | D:5      | Killed Prince Ribbit
   336 | D:5      | Reached skill level 1 in Conjurations
   336 | D:5      | Reached skill level 1 in Hexes
   336 | D:5      | Reached skill level 1 in Charms
   336 | D:5      | Reached skill level 1 in Summonings
   336 | D:5      | Reached skill level 1 in Necromancy
   336 | D:5      | Reached skill level 1 in Translocations
   336 | D:5      | Reached skill level 1 in Fire Magic
   336 | D:5      | Reached skill level 1 in Ice Magic
   336 | D:5      | Reached skill level 1 in Air Magic
   336 | D:5      | Reached skill level 1 in Poison Magic
   336 | D:5      | Reached skill level 2 in Invocations
   336 | D:5      | Reached XP level 5. HP: 16/38 MP: 1/12
   336 | D:5      | Reached XP level 6. HP: 19/44 MP: 1/13
   409 | D:5      | Found a sand-covered staircase.
   427 | Ossuary  | Entered an ossuary
   481 | Ossuary  | Reached skill level 5 in Dodging
   484 | Ossuary  | Reached skill level 2 in Fighting
   484 | Ossuary  | Reached skill level 2 in Short Blades
   484 | Ossuary  | Reached skill level 2 in Long Blades
   484 | Ossuary  | Reached skill level 2 in Axes
   484 | Ossuary  | Reached skill level 2 in Maces & Flails
   484 | Ossuary  | Reached skill level 2 in Polearms
   484 | Ossuary  | Reached skill level 2 in Staves
   484 | Ossuary  | Reached skill level 2 in Slings
   484 | Ossuary  | Reached skill level 2 in Bows
   484 | Ossuary  | Reached skill level 2 in Crossbows
   484 | Ossuary  | Reached skill level 2 in Throwing
   484 | Ossuary  | Reached skill level 2 in Armour
   484 | Ossuary  | Reached skill level 2 in Shields
   484 | Ossuary  | Reached skill level 2 in Unarmed Combat
   484 | Ossuary  | Reached skill level 2 in Evocations
   619 | D:6      | Found a sparkling altar of Nemelex Xobeh.
   620 | D:6      | Found a glowing silver altar of Zin.
   632 | D:6      | Learned a level 5 spell: Lee's Rapid Deconstruction
   672 | D:6      | Reached XP level 7. HP: 35/50 MP: 9/15
   699 | D:6      | Noticed Edmund
   709 | D:6      | Killed Edmund
   709 | D:6      | Reached skill level 2 in Conjurations
   709 | D:6      | Reached skill level 2 in Hexes
   709 | D:6      | Reached skill level 2 in Charms
   709 | D:6      | Reached skill level 2 in Summonings
   709 | D:6      | Reached skill level 2 in Necromancy
   709 | D:6      | Reached skill level 2 in Translocations
   709 | D:6      | Reached skill level 2 in Fire Magic
   709 | D:6      | Reached skill level 2 in Ice Magic
   709 | D:6      | Reached skill level 2 in Air Magic
   709 | D:6      | Reached skill level 2 in Poison Magic
   769 | D:6      | Found Xyuh's Jewellery Shoppe.
   782 | D:6      | Reached skill level 3 in Transmutations
   902 | D:8      | Noticed Psyche
   905 | D:8      | Killed Psyche
   905 | D:8      | Reached skill level 5 in Stealth
   905 | D:8      | Reached skill level 6 in Earth Magic
   905 | D:8      | Reached skill level 3 in Invocations
   905 | D:8      | Reached XP level 8. HP: 49/57 MP: 13/16
   911 | D:8      | Reached skill level 3 in Fighting
   911 | D:8      | Reached skill level 3 in Short Blades
   911 | D:8      | Reached skill level 3 in Long Blades
   911 | D:8      | Reached skill level 3 in Axes
   911 | D:8      | Reached skill level 3 in Maces & Flails
   911 | D:8      | Reached skill level 3 in Polearms
   911 | D:8      | Reached skill level 3 in Staves
   911 | D:8      | Reached skill level 3 in Slings
   911 | D:8      | Reached skill level 3 in Bows
   911 | D:8      | Reached skill level 3 in Crossbows
   911 | D:8      | Reached skill level 3 in Throwing
   911 | D:8      | Reached skill level 3 in Armour
   911 | D:8      | Reached skill level 3 in Shields
   911 | D:8      | Reached skill level 3 in Unarmed Combat
   911 | D:8      | Reached skill level 3 in Evocations
  1044 | D:8      | Reached skill level 6 in Spellcasting
  1083 | D:8      | Slain by an orc warrior

Skill      XL: |  1  2  3  4  5  6  7  8 |
---------------+-------------------------+-----
Transmutations | 2 3 |  3.5
Spellcasting   | 5 6 |  6.0
Fighting       | 1 2 3 |  3.3
Short Blades   | 1 2 3 |  3.3
Long Blades    | 1 2 3 |  3.3
Axes           | 1 2 3 |  3.3
Maces & Flails | 1 2 3 |  3.3
Polearms       | 1 2 3 |  3.3
Staves         | 1 2 3 |  3.3
Slings         | 1 2 3 |  3.3
Bows           | 1 2 3 |  3.3
Crossbows      | 1 2 3 |  3.3
Throwing       | 1 2 3 |  3.3
Armour         | 1 2 3 |  3.3
Shields        | 1 2 3 |  3.3
Unarmed Combat | 1 2 3 |  3.3
Invocations    | 1 2 3 |  3.6
Evocations     | 1 2 3 |  3.3
Conjurations   | 1 2 |  2.7
Hexes          | 1 2 |  2.7
Charms         | 1 2 |  2.7
Summonings     | 1 2 |  2.7
Necromancy     | 1 2 |  2.7
Translocations | 1 2 |  2.7
Fire Magic     | 1 2 |  2.7
Ice Magic      | 1 2 |  2.7
Air Magic      | 1 2 |  2.7
Poison Magic   | 1 2 |  2.7
Dodging        | 5 |  5.7
Stealth        | 5 |  5.4
Earth Magic    | 6 |  6.1

Action                   |  1- 3 |  4- 6 |  7- 9 || total
-------------------------+-------+-------+-------++-------
Melee: Dagger            |     9 |    15 |    14 ||    38
       Bite              |     1 |     3 |     4 ||     8
       Short sword       |       |     2 |    20 ||    22
       Flail             |       |       |    21 ||    21
       Unarmed           |       |       |     5 ||     5
 Cast: Sandblast         |    23 |    19 |     8 ||    50
       Passwall          |     2 |     2 |     2 ||     6
       Petrify           |       |     3 |     6 ||     9
Evoke: Wand              |       |       |     7 ||     7
  Use: Scroll            |     1 |     5 |     2 ||     8
       Potion            |       |       |     5 ||     5
 Stab: Sleeping          |     4 |     3 |     1 ||     8
       Petrified         |       |    12 |     7 ||    19
       Betrayed ally     |       |       |     1 ||     1
  Eat: Ration            |       |     1 |       ||     1
Armor: Robe              |     4 |     1 |     4 ||     9
       Skin              |       |       |    17 ||    17
Dodge: Dodged            |     7 |     4 |    40 ||    51
Block: Buckler           |       |       |    14 ||    14

Table legend:
 A = Turns spent in this place as a percentage of turns spent in the entire game.
 B = Non-inter-level travel turns spent in this place as a percentage of non-inter-level travel turns spent in the entire game.
 C = Inter-level travel turns spent in this place as a percentage of turns spent in this place.
 D = Turns resting spent in this place as a percentage of non-inter-level travel turns spent in this place.
 E = Turns spent auto-exploring this place as a percentage of non-inter-level travel turns spent in this place.
 F = Non-inter-level travel turns spent in this place divided by the number of levels of this place that you've seen.
                   A       B       C       D       E      F
               +-------+-------+-------+-------+-------+----------------------
         Total | 100.0 | 100.0 |   0.0 |   0.0 |   0.0 | 108.3
       Dungeon |  86.9 |  86.9 |   0.0 |   0.0 |   0.0 | 104.6
       Ossuary |  13.1 |  13.1 |   0.0 |   0.0 |   0.0 | 142.0
               +-------+-------+-------+-------+-------+----------------------

Table legend:
 A = Kills in this place as a percentage of kills in entire the game.
 B = Kills by you in this place as a percentage of kills by you in the entire game.
 C = Kills by friends in this place as a percentage of kills by friends in the entire game.
 D = Other kills in this place as a percentage of other kills in the entire game.
 E = Experience gained in this place as a percentage of experience gained in the entire game.
 F = Experience gained in this place divided by the number of levels of this place that you have seen.
                   A       B       C       D       E      F
               +-------+-------+-------+-------+-------+----------------------
         Total | 100.0 | 100.0 | 100.0 |   N/A | 100.0 | 183.9
       Dungeon |  92.1 |  90.7 | 100.0 |   N/A |  95.1 | 194.3
       Ossuary |   7.9 |   9.3 |   0.0 |   N/A |   4.9 |  90.0
               +-------+-------+-------+-------+-------+----------------------

Vault maps used:
D:1:      dpeg_arrival_court, hangedman_abyss_or_decor_lesser_grid
D:2:      grunt_gozag_statues, first_ration, interstate_on_off, uniq_natasha
D:3:      cheibriados_altar_1
D:4:      kennysheep_little_box, nicolae_ru_great_annihilating_truth,
          elyvilon_altar_4, okawaru_ov_weapons_minmay, lemuel_temple_firewalk_a,
          serial_shops, shop, nicolae_shop_statue_plus,
          nicolae_shop_behind_doors, shop, nicolae_shop_statue_plus,
          nemelex_diamond_rough_becter, uniq_duvessa, uniq_ijyb, uniq_robin
D:5:      old_standard_altar, marbit_many_paths, nicolae_ossuary_entry_giza,
          kennysheep_dice, uniq_prince_ribbit1
D:6:      grunt_temple_overflow_open, serial_shops, nicolae_shop_trees,
          uniq_blork_the_orc, uniq_edmund
D:7:      grunt_temple_overflow_forces_of_nature, enter_bailey_3,
          dk_noncrumbling_4
D:8:      serial_undead, serial_undead_e, serial_undead_b, serial_undead_f,
          serial_undead_f, uniq_psyche
D:9:      cheibrodos_histonic, kennysheep_mini_moat, orc_0_dummy
Ossuary:  ossuary_crypta
